[Event "fics rated crazyhouse match"]
[Site "fics, Oklahoma City, OK USA"]
[Date "2000.03.06"]
[White "Eyefor"]
[WhiteElo "2398"]
[Black "LordPixel"]
[BlackElo "2445"]
[TimeControl "0+1"]
[Result "0-1"]

1. e4 Nf6 2. Nc3 d5 3. exd5 Nxd5 4. Nf3 e6 5. d4 Nxc3 6. bxc3 
N@e4 7. P@b2 Nxf2 8. Kxf2 P@e4 9. Bb5+ P@c6 10. Bg5 f6 11. Bxf6 gxf6 
12. P@g7 Bxg7 13. N@h5 Bh6 14. N@g7+ Bxg7 15. Nxg7+ Kf8 16. Bxc6 N@g4+ 17. Ke2 
Nxc6 18. P@f7 Kxg7 19. h3 exf3+ 20. gxf3 N@g3+ 21. Kd3 Nf2+ 22. Kd2 Nxd1 
23. P@h6+ Kxf7 24. Rhxd1 B@f4+ 25. N@e3 Bxe3+ 26. Kxe3 Q@e2+ 27. Kf4 N@h5+ 28. Kg4 
f5# 
{Eyefor checkmated} 0-1

[Event "fics rated crazyhouse match"]
[Site "fics, Oklahoma City, OK USA"]
[Date "2000.03.06"]
[White "LordPixel"]
[WhiteElo "2452"]
[Black "Eyefor"]
[BlackElo "2391"]
[TimeControl "0+1"]
[Result "1-0"]

1. e4 Nf6 2. Nc3 d5 3. exd5 Nxd5 4. Nf3 e6 5. d4 Nxc3 6. bxc3 
N@e4 7. P@b2 Nxf2 8. Kxf2 P@e4 9. Bb5+ P@c6 10. Bg5 f6 11. Ne5 fxg5 
12. Bxc6+ Nxc6 13. Qh5+ B@g6 14. P@f7+ Ke7 15. Qxg5+ B@f6 16. Qxf6+ gxf6 17. B@c5+ 
Q@d6 18. Bxd6+ cxd6 19. N@g8+ Rxg8 20. Nxc6+ bxc6 21. fxg8=Q e3+ 22. Ke2 N@f4+ 
23. Kxe3 B@f7 24. Qh8 N@c4+ 25. Kf2 Bxc2 26. R@h4 P@g5 27. Rxf4 gxf4 28. N@g4 
R@g6 29. Qxh7 Nxb2 30. N@h8 Nd3+ 31. Kg1 P@f2+ 32. Nxf2 Rxg2+ 33. Kxg2 Ne1+ 
34. Raxe1 P@f3+ 35. Kg1 Bxh7 36. N@d5+ cxd5 37. N@c6+ Ke8 38. Nxd8 P@e3 39. Q@c6+ 
Bd7 40. Qxa8 exf2+ 41. Kxf2 N@d3+ 42. Kxf3 Nxe1+ 43. Rxe1 R@c8 44. N@c7+ Kxd8 
45. Nxf7+ Ke7 46. Rxe6+ Kxf7 47. Rxf6+ Kxf6 48. Nxd5+ Kf7 49. Q@f6+ Kg8 50. P@f7# 
{Eyefor checkmated} 1-0

[Event "fics rated crazyhouse match"]
[Site "fics, Oklahoma City, OK USA"]
[Date "2000.03.06"]
[White "LordPixel"]
[WhiteElo "2465"]
[Black "Eyefor"]
[BlackElo "2378"]
[TimeControl "0+1"]
[Result "1-0"]

1. e4 e6 2. d4 d6 3. Nc3 Nf6 4. Nf3 Be7 5. Be2 Nc6 6. Bf4 
Nh5 7. Be3 Nf6 8. Ng5 h6 9. Nxf7 Kxf7 10. P@b5 N@h4 11. Rg1 Nb8 
12. g3 Ng6 13. Bh5 Nxh5 14. Qxh5 B@b4 15. N@f4 Bxc3+ 16. bxc3 N@f8 17. B@c4 
Bg5 18. d5 e5 19. Ne6 Nxe6 20. dxe6+ Kf8 21. N@f7 Qf6 22. Nxh8 N@f3+ 
23. Kd1 Bxe6 24. Nxg6+ Qxg6 25. N@h7+ Kg8 26. Qxg6 Bxc4 27. R@f8# 
{Eyefor checkmated} 1-0

[Event "fics rated crazyhouse match"]
[Site "fics, Oklahoma City, OK USA"]
[Date "2000.03.06"]
[White "Eyefor"]
[WhiteElo "2372"]
[Black "LordPixel"]
[BlackElo "2471"]
[TimeControl "0+1"]
[Result "1-0"]

1. e4 e6 2. d4 d5 3. exd5 exd5 4. Bb5+ c6 5. Qe2+ Be7 6. Bf4 
cxb5 7. Qxb5+ B@c6 8. Qe2 Qa5+ 9. P@c3 P@c7 10. Qe5 Nf6 11. P@b4 Qb6 
12. a4 Na6 13. b5 Bxb5 14. axb5 Qxb5 15. B@a4 Qxa4 16. Rxa4 Nb8 17. Qxc7 
Nc6 18. P@d6 B@d8 19. Rxa7 Bxc7 20. Rxa8 Q@e4+ 21. R@e2 Qxf4 22. Rxc8+ B@d8 
23. dxc7 Qc1+ 24. Q@d1 Qxd1+ 25. Kxd1 Q@f1+ 26. B@e1 Qxg2 27. cxd8=N Nxd8 28. Rxd8+ 
Kxd8 29. Q@a5+ P@c7 30. Rxe7 P@b6 31. Qa8+ Kxe7 32. N@f5+ Kd7 33. Qxh8 R@c1+ 
34. Ke2 Rxb1 35. R@e7+ Kc6 36. B@e8+ R@d7 37. Rxd7 Nxd7 38. Bxd7+ Kxd7 39. R@e7+ 
Kc6 40. N@a7# 
{LordPixel checkmated} 1-0

[Event "fics rated crazyhouse match"]
[Site "fics, Oklahoma City, OK USA"]
[Date "2000.03.06"]
[White "LordPixel"]
[WhiteElo "2461"]
[Black "Eyefor"]
[BlackElo "2382"]
[TimeControl "0+1"]
[Result "1-0"]

1. e4 Nf6 2. Nc3 d5 3. exd5 Nxd5 4. Nf3 e6 5. d4 Nxc3 6. bxc3 
N@e4 7. P@b2 Nxf2 8. Kxf2 P@e4 9. Bb5+ P@c6 10. Bg5 f6 11. Ne5 fxg5 
12. Bxc6+ Nxc6 13. Qh5+ B@g6 14. P@f7+ Ke7 15. Qxg5+ B@f6 16. Qxf6+ gxf6 17. B@c5+ 
Q@d6 18. Bxd6+ cxd6 19. N@g8+ Rxg8 20. Nxc6+ bxc6 21. fxg8=Q N@d2 22. P@g7 Bxg7 
23. Qxg7+ P@f7 24. N@g8+ Kd7 25. Nxf6+ Kc7 26. N@e8+ Kb7 27. Ke1 N@f3+ 28. Kd1 
Kb8 29. P@c7+ Qxc7 30. R@b4+ P@b7 31. Nxc7 B@b5 32. gxf3 Nxf3 33. Nxb5 cxb5 
34. N@d7+ Bxd7 35. Q@d8+ Bc8 36. Nd7# 
{Eyefor checkmated} 1-0

[Event "fics rated crazyhouse match"]
[Site "fics, Oklahoma City, OK USA"]
[Date "2000.03.06"]
[White "LSS"]
[WhiteElo "2505"]
[Black "Eyefor"]
[BlackElo "2356"]
[TimeControl "0+1"]
[Result "0-1"]

1. e4 e6 2. d4 Nf6 3. Bd3 d6 4. e5 Nd5 5. Nc3 Nxc3 6. bxc3 
dxe5 7. dxe5 Nc6 8. Nf3 N@g4 9. O-O Ncxe5 10. Nxe5 Nxe5 11. Bd2 Nxd3 
12. cxd3 N@b2 13. Qc2 Nxd3 
{LSS forfeits on time} 0-1

[Event "fics rated crazyhouse match"]
[Site "fics, Oklahoma City, OK USA"]
[Date "2000.03.06"]
[White "Eyefor"]
[WhiteElo "2367"]
[Black "LSS"]
[BlackElo "2494"]
[TimeControl "0+1"]
[Result "0-1"]

1. e4 e6 2. d4 d5 3. exd5 exd5 4. Bb5+ Bd7 5. Qe2+ Qe7 6. Bxd7+ 
Nxd7 7. Bf4 B@a5+ 8. B@d2 Qxe2+ 9. Nxe2 Bxd2+ 10. Nxd2 Ngf6 11. Bxc7 B@b4 
12. P@c3 Bbd6 13. B@f4 Bxc7 14. Bxc7 B@d6 15. B@f4 Bxc7 16. Bxc7 B@d6 17. B@f4 
Bxc7 18. Bxc7 B@d6 19. B@f4 Bxc7 20. Bxc7 B@d6 21. B@f4 Bxc7 22. Bxc7 B@d6 
{Eyefor forfeits on time} 0-1

[Event "fics rated crazyhouse match"]
[Site "fics, Oklahoma City, OK USA"]
[Date "2000.03.06"]
[White "Seipman"]
[WhiteElo "2303"]
[Black "Eyefor"]
[BlackElo "2362"]
[TimeControl "60+0"]
[Result "0-1"]

1. e4 e6 2. Nc3 Nc6 3. d4 Bb4 4. a3 Bxc3+ 5. bxc3 N@f6 6. Bd3 
d5 7. e5 Ne4 8. Bxe4 dxe4 9. Qg4 Nxd4 10. B@a4+ Kf8 11. N@h5 g6 
12. cxd4 B@c3+ 13. Kf1 Bxa1 14. N@f6 Qxd4 15. g3 R@d1+ 16. Kg2 Rxc1 17. Nxe4 
Qxe4+ 18. Qxe4 B@f1+ 19. Kf3 N@d2+ 20. Ke3 Nc4+ 21. Qxc4 P@d4+ 22. Qxd4 Bxd4+ 
23. Kxd4 Q@d2# 
{Seipman forfeits on time} 0-1

[Event "fics rated crazyhouse match"]
[Site "fics, Oklahoma City, OK USA"]
[Date "2000.03.06"]
[White "Eyefor"]
[WhiteElo "2369"]
[Black "Seipman"]
[BlackElo "2296"]
[TimeControl "60+0"]
[Result "1-0"]

1. e4 e6 2. d4 Nc6 3. Be3 Nf6 4. Bd3 d5 5. e5 Ne4 6. Bxe4 
dxe4 7. Nc3 Bb4 8. N@g5 Bxc3+ 9. bxc3 B@g6 10. B@h4 f6 11. exf6 gxf6 
12. P@f7+ Ke7 13. Rb1 fxg5 14. Bexg5+ Kxf7 15. Bxd8 N@d5 16. P@e7 P@d3 17. cxd3 
exd3 18. Q@f3+ P@f5 19. Qfxd3 P@e4 20. P@g7 Rg8 21. Q3c2 N@d3+ 22. Kf1 N3f4 
23. Bxc7 Nxc7 24. Rxb7 Bxb7 25. Qcd2 Ba6+ 26. P@e2 Nxe2 27. Nxe2 B@d3 28. N@d6+ 
Kxg7 29. P@f6+ Kh8 30. P@g7+ Rxg7 31. fxg7+ Kxg7 32. R@e1 Bxe2+ 33. Rxe2 Bxe2+ 
34. Q2xe2 P@f3 35. B@f6+ Kg8 36. gxf3 P@g2+ 37. Kxg2 N@f4+ 38. Kg1 R@g2+ 39. Kf1 
R@g1+ 40. Rxg1 
{Seipman forfeits on time} 1-0

[Event "fics rated crazyhouse match"]
[Site "fics, Oklahoma City, OK USA"]
[Date "2000.03.06"]
[White "Seipman"]
[WhiteElo "2290"]
[Black "Eyefor"]
[BlackElo "2375"]
[TimeControl "60+0"]
[Result "0-1"]

1. e4 e6 2. Nf3 Nf6 3. e5 Nd5 4. c4 Nf4 5. d4 Bb4+ 6. Nc3 
Bxc3+ 7. bxc3 Ng6 8. B@g5 N@e7 9. d5 exd5 10. cxd5 P@e4 11. d6 exf3 
12. dxe7 Nxe7 13. P@d6 P@e2 14. Bxe2 fxg2 15. Rg1 cxd6 16. exd6 P@g3 17. fxg3 
P@f2+ 18. Kxf2 N@e4+ 19. Kxg2 Nxg5 20. P@c7 Qxc7 21. dxc7 B@h3+ 22. Kf2 Ne4+ 
23. Ke3 Nbc6 24. N@d6+ Nxd6 25. Qxd6 Nf5+ 26. Kd2 N@e4+ 27. Kc2 Nfxd6 28. P@e7 
Nd4+ 29. cxd4 Q@c3+ 30. Kd1 P@c2# 
{Seipman checkmated} 0-1

[Event "fics rated crazyhouse match"]
[Site "fics, Oklahoma City, OK USA"]
[Date "2000.03.06"]
[White "Eyefor"]
[WhiteElo "2381"]
[Black "Seipman"]
[BlackElo "2284"]
[TimeControl "60+0"]
[Result "1-0"]

1. e4 d5 2. exd5 e5 3. Bc4 Bc5 4. Qe2 Qe7 5. Nc3 Nf6 6. Bb5+ 
c6 7. dxc6 bxc6 8. Bc4 P@d5 9. Bb3 d4 10. Na4 Nd5 11. Bxd5 cxd5 
12. Nxc5 B@g4 13. Qb5+ Nd7 14. N@c7+ Kf8 15. B@a3 a6 16. Nxd7+ Kg8 17. Bxe7 
Bcxd7 18. Nxa8 Bxb5 19. R@f8# 
{Seipman checkmated} 1-0

[Event "fics rated crazyhouse match"]
[Site "fics, Oklahoma City, OK USA"]
[Date "2000.03.06"]
[White "Seipman"]
[WhiteElo "2278"]
[Black "Eyefor"]
[BlackElo "2387"]
[TimeControl "60+0"]
[Result "1-0"]

1. e4 e6 2. Nf3 Nf6 3. e5 Nd5 4. c4 Nf4 5. d4 Bb4+ 6. Nc3 
Bxc3+ 7. bxc3 Ng6 8. B@g5 N@e7 9. d5 exd5 10. cxd5 P@e4 11. d6 exf3 
12. dxe7 Nxe7 13. N@h5 P@e2 14. Bxe2 fxe2 15. Qxe2 N@e6 16. P@d6 cxd6 17. exd6 
Nbc6 18. dxe7 Nxe7 19. P@d6 P@f6 20. P@c7 Nxc7 21. Bxf6 gxf6 22. P@g7 B@e5 
23. gxh8=Q+ B@g8 24. dxe7 Bxc3+ 25. P@d2 Bxd2+ 26. Bxd2 P@e3 27. N@g7+ Kxe7 28. Qxe3+ 
Kf8 29. Qxg8+ Kxg8 30. N@h6+ Kh8 31. Nxf7+ Kg8 32. Nxd8 P@f7 33. R@h8+ Kxh8 
34. Qe8# 
{Eyefor forfeits on time} 1-0

[Event "fics rated crazyhouse match"]
[Site "fics, Oklahoma City, OK USA"]
[Date "2000.03.06"]
[White "Eyefor"]
[WhiteElo "2377"]
[Black "Seipman"]
[BlackElo "2288"]
[TimeControl "60+0"]
[Result "1-0"]

1. e4 e6 2. d4 c5 3. Nf3 cxd4 4. Nxd4 d6 5. Bc4 Nc6 6. Nxc6 
bxc6 7. N@g5 Be7 8. Nxf7 Kxf7 9. P@f5 P@d5 10. exd5 exf5 11. P@b7 Bxb7 
12. dxc6+ Kf8 13. cxb7 Rb8 14. P@f7 Nf6 15. P@h6 d5 16. hxg7+ Kxg7 17. Bxd5 
Nxd5 18. B@e6 B@b4+ 19. P@c3 N@f4 20. Bxf4 Nxf4 21. N@h5+ Nxh5 22. Qxh5 B@g6 
23. Qh3 P@d2+ 24. Nxd2 Qxd2+ 25. Kxd2 N@e4+ 26. Ke1 N@f4 27. Q@h6+ Kf6 28. Qxf5# 
{Seipman checkmated} 1-0

[Event "fics rated crazyhouse match"]
[Site "fics, Oklahoma City, OK USA"]
[Date "2000.03.06"]
[White "Seipman"]
[WhiteElo "2282"]
[Black "Eyefor"]
[BlackElo "2383"]
[TimeControl "60+0"]
[Result "0-1"]

1. e4 e6 2. Nf3 Nf6 3. e5 Nd5 4. c4 Nf4 5. d4 Bb4+ 6. Nc3 
Bxc3+ 7. bxc3 Ng6 8. Bg5 N@e7 9. d5 exd5 10. cxd5 P@e4 11. Nd4 Nxe5 
12. B@g3 P@f6 13. Bxe5 fxe5 14. N@f5 Nxf5 15. Bxd8 exd4 16. P@e7 dxc3 17. Bxc7 
P@d2+ 18. Ke2 B@d3# 
{Seipman checkmated} 0-1

[Event "fics rated crazyhouse match"]
[Site "fics, Oklahoma City, OK USA"]
[Date "2001.03.06"]
[White "Sunsetter"]
[WhiteElo "2330"]
[Black "Dufus"]
[BlackElo "2290"]
[TimeControl "180+0"]
[Result "1-0"]

1. e4 e5 2. Bc4 Nf6 3. d3 Nc6 4. Nf3 d5 5. Bxd5 Nxd5 6. exd5 
B@a5+ 7. N@c3 Qxd5 8. Bd2 Qd8 9. P@d5 P@h3 10. Rg1 hxg2 11. dxc6 bxc6 
12. Nxe5 Qe7 13. Qe2 Bxc3 14. Bxc3 P@h3 15. B@d8 Qe6 16. Bxc7 N@b5 17. N@d8 
Qe7 18. Ndxf7 Nxc7 19. P@b7 P@b4 20. bxc8=Q+ Rxc8 21. P@d7+ Qxd7 22. Nxd7+ B@e6 
23. Nxf8 Kxf8 24. Bxg7+ Kxg7 25. P@f6+ Kxf6 26. B@g5+ Kxf7 27. Q@e7+ Kg8 28. Q2xe6+ 
Nxe6 29. B@f7+ Kg7 30. P@f6# 
{Dufus checkmated} 1-0

[Event "fics rated crazyhouse match"]
[Site "fics, Oklahoma City, OK USA"]
[Date "2001.03.06"]
[White "Dufus"]
[WhiteElo "2259"]
[Black "Sunsetter"]
[BlackElo "2337"]
[TimeControl "180+0"]
[Result "0-1"]

1. e4 e6 2. d4 d5 3. exd5 exd5 4. Bb5+ Bd7 5. Qe2+ P@e4 6. Nc3 
Nf6 7. P@g5 Bxb5 8. Qxb5+ B@c6 9. Qf1 Nfd7 10. Qe2 Be7 11. Qh5 g6 
12. Qh6 Bf8 13. B@g7 Na6 14. Bxf8 Rxf8 15. Qxh7 Nb4 16. B@b1 B@a4 17. P@g7 
Bxc2 18. gxf8=Q+ Nxf8 19. R@g8 Nd3+ 20. Kf1 Nxc1 21. Rxf8+ Kxf8 22. Bxc2 B@c4+ 
23. B@e2 Bxe2+ 24. Ngxe2 Nxe2 25. B@g7+ Ke8 26. Qg8+ Kd7 27. N@e5+ Kc8 28. Qxd8+ 
Kxd8 29. Nxf7+ Kd7 30. Nxe2 Q@e7 31. N@e5+ Kc8 32. P@f6 Qe8 33. Kg1 P@f3 
34. Nxc6 bxc6 35. B@h3+ B@d7 36. Bxd7+ Qxd7 37. B@a6+ P@b7 38. Bxb7+ Kxb7 39. Ne5 
N@d2 40. P@a6+ Kxa6 41. Q@a3+ P@a5 42. f7 N@h3+ 43. gxh3 R@g2# 
{Dufus checkmated} 0-1

[Event "fics rated crazyhouse match"]
[Site "fics, Oklahoma City, OK USA"]
[Date "2001.03.06"]
[White "GazicJosip"]
[WhiteElo "2273"]
[Black "Sunsetter"]
[BlackElo "2336"]
[TimeControl "900+0"]
[Result "0-1"]

1. e4 e5 2. d3 d6 3. Ne2 Be6 4. g3 Nc6 5. Bg2 Bg4 6. f3 
Be6 7. c3 d5 8. exd5 Bxd5 9. P@e4 Be6 10. O-O Bc5+ 11. Kh1 P@h3 
12. b4 hxg2+ 13. Kxg2 B@h3+ 14. Kh1 Qxd3 15. P@g2 Bxg2+ 16. Kxg2 P@h3# 
{GazicJosip resigns} 0-1

[Event "fics rated crazyhouse match"]
[Site "fics, Oklahoma City, OK USA"]
[Date "2001.03.06"]
[White "pminear"]
[WhiteElo "2580"]
[Black "LINDEGREN"]
[BlackElo "2433"]
[TimeControl "60+0"]
[Result "0-1"]

1. e4 Nf6 2. e5 Nc6 3. exf6 gxf6 4. d4 d5 5. Nc3 Rg8 6. Nge2 
Bg4 7. f3 Bf5 8. Ng3 Bg6 9. Be3 e6 10. Bf2 Rb8 11. N@f4 Bd6 
12. Nxg6 fxg6 13. B@h3 Qe7 14. Bb5 N@f4 15. Qd2 Nxh3 16. gxh3 B@g5 17. Qe2 
P@h4 18. Nxd5 hxg3 19. Nxe7 gxf2+ 20. Kxf2 B@e3+ 21. Kf1 Bxe7 22. P@d7+ Kxd7 
23. d5 exd5 24. Bxc6+ bxc6 25. P@e6+ Kxe6 26. N@d4+ Kf7 27. Q@e6+ Kg7 28. Qxe7+ 
P@f7 29. Q7xe3 Bxe3 30. N@f5+ Kh8 31. Qxe3 gxf5 32. B@h6 P@g2+ 33. Ke2 B@a6+ 
34. B@d3 N@h5 35. B@g7+ Nxg7 36. Bxg7+ Rxg7 37. Rhg1 Bxd3+ 38. cxd3 B@f1+ 39. Rgxf1 
gxf1=Q+ 40. Rxf1 B@g2 41. B@f2 Bxf1+ 42. Kxf1 Q@d1+ 43. Be1 P@g2+ 44. Kf2 g1=Q# 
{pminear checkmated} 0-1

[Event "fics rated crazyhouse match"]
[Site "fics, Oklahoma City, OK USA"]
[Date "2001.03.06"]
[White "LINDEGREN"]
[WhiteElo "2444"]
[Black "pminear"]
[BlackElo "2569"]
[TimeControl "60+0"]
[Result "0-1"]

1. e4 e5 2. Nc3 Nc6 3. Nf3 Be7 4. Bc4 Nf6 5. O-O O-O 6. d3 
d6 7. Bg5 Bg4 8. h3 Bxf3 9. Qxf3 Nd4 10. Qd1 c6 11. Ne2 Nxe2+ 
12. Qxe2 N@d4 13. Qd1 b5 14. c3 N@e2+ 15. Kh2 bxc4 16. cxd4 Nxd4 17. Bxf6 
Bxf6 18. B@e2 B@f4+ 19. N@g3 Bxg3+ 20. fxg3 Nxe2 21. Qxe2 N@d4 22. Qf2 P@f4 
23. N@g4 fxg3+ 24. Qxg3 P@f4 25. Nxf6+ Qxf6 26. Qg4 B@g3+ 27. Kh1 N@f2+ 28. Rxf2 
Bxf2 29. N@h5 Qh6 30. B@g5 Qxh5 31. N@f6+ Kh8 32. Nxh5 N@g3+ 33. Nxg3 Bxg3 
34. B@g1 R@h2+ 35. Bxh2 N@f2+ 36. Kg1 Nxg4 37. Kf1 Q@f2# 
{LINDEGREN checkmated} 0-1

[Event "fics rated crazyhouse match"]
[Site "fics, Oklahoma City, OK USA"]
[Date "2001.03.06"]
[White "pminear"]
[WhiteElo "2574"]
[Black "LINDEGREN"]
[BlackElo "2439"]
[TimeControl "60+0"]
[Result "1-0"]

1. e4 Nf6 2. e5 Nc6 3. exf6 gxf6 4. d4 d5 5. Nc3 Rg8 6. Nge2 
Bg4 7. f3 Bf5 8. Ng3 Bg6 9. N@f4 e6 10. Be2 P@e5 11. dxe5 Nxe5 
12. Nxg6 fxg6 13. B@d4 N@c6 14. Bb5 Rb8 15. Bxe5 fxe5 16. Bxc6+ bxc6 17. P@f7+ 
Kxf7 18. N@g5+ Ke7 19. N@f7 Qe8 20. Nxe5 Rg7 21. P@d7 Qxd7 22. Nxd7 Kxd7 
23. Nxe6 Re8 24. Qe2 Rxe6 25. Qxe6+ Kxe6 26. P@e4 B@d4 27. Q@g4+ P@f5 28. exd5+ 
cxd5 29. Qxd4 B@e5 30. Qxd5+ Ke7 31. R@d7+ Ke8 32. P@f7# 
{LINDEGREN resigns} 1-0

[Event "fics rated crazyhouse match"]
[Site "fics, Oklahoma City, OK USA"]
[Date "2001.03.06"]
[White "LINDEGREN"]
[WhiteElo "2434"]
[Black "pminear"]
[BlackElo "2579"]
[TimeControl "60+0"]
[Result "0-1"]

1. e4 e5 2. Nf3 Nc6 3. d4 Be7 4. dxe5 d6 5. exd6 cxd6 6. Bc4 
Nf6 7. P@d3 O-O 8. P@h6 gxh6 9. Bxh6 Ng4 10. Bxf8 Qxf8 11. O-O P@g6 
12. R@g3 P@f4 13. Rxg4 Bxg4 14. Nc3 Bxf3 15. Qxf3 B@g5 16. Qd1 Nd4 17. N@d5 
f3 18. gxf3 N@h3+ 19. Kh1 R@g1+ 20. Rxg1 Nxf2+ 21. Kg2 Nxd1 22. Raxd1 Nxf3 
23. Kxf3 P@h5 24. P@g2 P@g4+ 25. Kf2 h4 26. B@d2 g3+ 27. hxg3 hxg3+ 28. Kxg3 
Bxd2 29. Rxd2 B@h4+ 30. Kf3 Q@g3+ 31. Ke2 Qf2+ 32. Kd1 Qxg1+ 33. R@e1 R@a1+ 
34. Ke2 Qxe1# 
{LINDEGREN forfeits on time} 0-1

[Event "fics rated crazyhouse match"]
[Site "fics, Oklahoma City, OK USA"]
[Date "2001.03.06"]
[White "pminear"]
[WhiteElo "2584"]
[Black "LINDEGREN"]
[BlackElo "2429"]
[TimeControl "60+0"]
[Result "1-0"]

1. e4 Nf6 2. e5 Nd5 3. Nf3 e6 4. d4 d6 5. Be2 Nc6 6. O-O 
Bd7 7. exd6 Bxd6 8. Nc3 Nxc3 9. bxc3 N@e4 10. Bd2 Nxd2 11. Qxd2 B@h5 
12. N@e4 O-O 13. P@h6 Bxf3 14. Bxf3 gxh6 15. N@f6+ Kh8 16. Qxh6 
{LINDEGREN resigns} 1-0

[Event "fics rated crazyhouse match"]
[Site "fics, Oklahoma City, OK USA"]
[Date "2001.03.06"]
[White "LINDEGREN"]
[WhiteElo "2424"]
[Black "pminear"]
[BlackElo "2589"]
[TimeControl "60+0"]
[Result "0-1"]

1. e4 e5 2. Nc3 Nc6 3. Nf3 Be7 4. Bc4 Nf6 5. O-O O-O 6. d3 
d6 7. h3 Nd4 8. Nxd4 exd4 9. Ne2 c5 10. Ng3 N@e5 11. N@f5 Bxf5 
12. Nxf5 Nxc4 13. dxc4 B@h5 14. B@e2 Bxe2 15. Qxe2 N@e5 16. Nxe7+ Qxe7 17. N@f5 
Qd7 18. B@h4 B@d8 19. Bxf6 Bxf6 20. B@g5 B@d8 21. Bxf6 Bxf6 22. N@h5 B@d8 
23. Nxf6+ Bxf6 24. B@g5 Bxg5 25. Bxg5 B@g6 26. B@f6 Bxf5 27. exf5 gxf6 28. Bxf6 
B@h6 29. P@g5 N@f4 30. Qd1 N@e2+ 31. Kh2 N@f3+ 32. Kh1 Qxf5 33. Bxe5 Qxh3# 
{LINDEGREN resigns} 0-1

[Event "fics rated crazyhouse match"]
[Site "fics, Oklahoma City, OK USA"]
[Date "2001.03.06"]
[White "pminear"]
[WhiteElo "2593"]
[Black "LINDEGREN"]
[BlackElo "2420"]
[TimeControl "60+0"]
[Result "1-0"]

1. e4 Nf6 2. e5 Nd5 3. Nf3 e6 4. d4 d6 5. Be2 Nc6 6. O-O 
Bd7 7. Nc3 Nxc3 8. bxc3 Be7 9. N@h5 Rg8 10. Bd3 N@f5 11. Bxf5 exf5 
12. exd6 cxd6 13. d5 B@g4 14. Nf4 P@e4 15. P@e6 fxe6 16. dxe6 Bxe6 17. Nxe6 
exf3 18. P@f7+ Kd7 19. N@c5+ Kc8 20. Nxd8 Rxd8 21. B@e6+ Kb8 22. Rb1 P@b6 
23. Bf4 fxg2 24. Bxd6+ Bxd6 25. Qxd6+ B@c7 26. Q@c8+ Rxc8 27. Nd7# 
{LINDEGREN checkmated} 1-0

[Event "fics rated crazyhouse match"]
[Site "fics, Oklahoma City, OK USA"]
[Date "2001.03.06"]
[White "LINDEGREN"]
[WhiteElo "2416"]
[Black "pminear"]
[BlackElo "2597"]
[TimeControl "60+0"]
[Result "0-1"]

1. e4 e5 2. Nc3 Nc6 3. Nf3 Be7 4. Bc4 Nf6 5. O-O O-O 6. d3 
d6 7. h3 Be6 8. Bg5 Bxc4 9. dxc4 B@h5 10. Bxf6 Bxf6 11. B@g4 Bxg4 
12. hxg4 B@f4 13. Nd5 B@d4 14. c3 Bxf2+ 15. Rxf2 Bh4 16. Rf1 P@f2+ 17. Kh1 
Ne7 18. Nxf4 exf4 19. Nxh4 N@g3+ 20. Kh2 Ng6 21. Nf5 Nxf5 22. exf5 Qh4+ 
23. B@h3 N@e3 24. Qf3 Nxf1+ 25. Rxf1 R@g3 26. N@e4 Rxf3 27. gxf3 Qxh3+ 28. Kxh3 
Q@h4+ 29. Kg2 B@h3+ 30. Kh1 Bxf1+ 31. R@h2 R@g1# 
{LINDEGREN checkmated} 0-1

[Event "fics rated crazyhouse match"]
[Site "fics, Oklahoma City, OK USA"]
[Date "2001.03.06"]
[White "pminear"]
[WhiteElo "2601"]
[Black "LINDEGREN"]
[BlackElo "2412"]
[TimeControl "60+0"]
[Result "1-0"]

1. e4 Nf6 2. e5 Nc6 3. exf6 gxf6 4. d4 d5 5. Nc3 Rg8 6. Nge2 
Bf5 7. Ng3 Bxc2 8. Qxc2 Nxd4 9. Qd1 e5 10. B@a4+ c6 11. N@f5 P@e6 
12. Nxd4 exd4 13. Qxd4 P@e5 14. Qd1 P@d4 15. N@h6 Bxh6 16. Bxh6 dxc3 17. bxc3 
N@c5 18. Bc2 e4 19. P@g7 Nd7 20. Bxe4 dxe4 21. Nxe4 B@e7 22. P@d6 Bxd6 
23. Nxd6+ Ke7 24. Nxb7 Qb6 25. B@c5+ Nxc5 26. Qd6+ Ke8 27. Qf8+ Kd7 28. Nxc5+ 
Qxc5 29. Qxc5 N@c2+ 30. Kd2 B@f4+ 31. Kxc2 N@e4 32. Q@e7+ Kc8 33. Qxc6+ P@c7 
34. P@b7+ Kb8 35. bxa8=Q# 
{LINDEGREN checkmated} 1-0

[Event "fics rated crazyhouse match"]
[Site "fics, Oklahoma City, OK USA"]
[Date "2001.03.06"]
[White "LINDEGREN"]
[WhiteElo "2408"]
[Black "pminear"]
[BlackElo "2605"]
[TimeControl "60+0"]
[Result "1-0"]

1. e4 e5 2. Nc3 Nc6 3. Nf3 Be7 4. Bc4 Nf6 5. d3 O-O 6. O-O 
d6 7. Bg5 Bg4 8. Bxf6 Bxf6 9. Nd5 B@h5 10. N@e1 Bxf3 11. Nxf3 Bxf3 
12. Qxf3 N@g5 13. Qg4 N@h6 14. Qd1 Nd4 15. c3 Nde6 16. B@f5 Nf4 17. Nxf4 
exf4 18. Bxf7+ Rxf7 19. P@g6 hxg6 20. Bxg6 P@h7 21. Bxf7+ Nhxf7 22. B@f5 N@h4 
23. P@e6 Nh6 24. Qh5 N4xf5 25. exf5 B@g6 26. fxg6 hxg6 27. Qxg6 B@h7 28. P@f7+ 
Ngxf7 29. exf7+ Nxf7 30. Qxh7+ Kxh7 31. B@e4+ g6 32. B@h5 P@f5 33. Bxf5 gxf5 
34. P@g6+ Kh6 35. R@h7+ Kg5 36. N@f3# 
{pminear checkmated} 1-0

[Event "fics rated crazyhouse match"]
[Site "fics, Oklahoma City, OK USA"]
[Date "2001.03.06"]
[White "pminear"]
[WhiteElo "2593"]
[Black "LINDEGREN"]
[BlackElo "2420"]
[TimeControl "60+0"]
[Result "1-0"]

1. e4 Nf6 2. e5 Nd5 3. Nf3 d6 4. d4 e6 5. Be2 dxe5 6. Nxe5 
Nc6 7. Nxc6 bxc6 8. O-O N@f4 9. Bf3 Be7 10. P@e4 P@e2 11. Bxe2 Nxe2+ 
12. Qxe2 Nf6 13. c3 B@h5 14. f3 O-O 15. Be3 Bd7 16. Nd2 Re8 17. e5 
Nd5 18. N@f4 Nxf4 19. Bxf4 N@d5 20. N@h3 Rf8 21. P@h6 Nxf4 22. Nxf4 Bg6 
23. hxg7 Kxg7 24. P@f6+ Kg8 25. N@h6+ Kh8 26. Nxe6 Bxf6 27. Nxd8 Bxd8 28. P@f6 
N@e6 29. N@g5 Nxg5 30. Q@g7# 
{LINDEGREN checkmated} 1-0

[Event "fics rated crazyhouse match"]
[Site "fics, Oklahoma City, OK USA"]
[Date "2001.03.06"]
[White "LINDEGREN"]
[WhiteElo "2416"]
[Black "pminear"]
[BlackElo "2597"]
[TimeControl "60+0"]
[Result "1-0"]

1. e4 e5 2. Nc3 Nc6 3. Nf3 Be7 4. Bc4 Nf6 5. O-O O-O 6. d3 
d6 7. Bg5 Bg4 8. Bxf6 Bxf6 9. Nd5 B@h5 10. N@e1 Na5 11. c3 Nxc4 
12. dxc4 Bxf3 13. Nxf3 B@g4 14. B@e2 N@h4 15. N@e1 Nxg2 16. Nxg2 Bxf3 17. Bxf3 
Bxf3 18. Qxf3 N@g5 19. Qg3 P@h4 20. Nxh4 B@f4 21. Qg2 Nh3+ 22. Qxh3 Bxh4 
23. N@f5 N@g5 24. Qg2 c6 25. P@e7 cxd5 26. exd8=Q N@h3+ 27. Kh1 Raxd8 28. N@h6+ 
Kh8 29. B@f6 Rg8 30. Nxg7 Nxf2+ 31. Rxf2 P@f3 32. Rxf3 Nxf3 33. Nxf7# 
{pminear checkmated} 1-0

[Event "fics rated crazyhouse match"]
[Site "fics, Oklahoma City, OK USA"]
[Date "2001.03.06"]
[White "pminear"]
[WhiteElo "2585"]
[Black "LINDEGREN"]
[BlackElo "2428"]
[TimeControl "60+0"]
[Result "1-0"]

1. e4 Nf6 2. e5 Nd5 3. Nf3 e6 4. Be2 d6 5. O-O Nc6 6. d4 
Bd7 7. Nc3 Nxc3 8. bxc3 N@f5 9. exd6 Bxd6 10. P@e5 Be7 11. N@h5 Rg8 
12. Rb1 Rb8 13. Nf4 P@d6 14. exd6 cxd6 15. d5 exd5 16. Nxd5 P@c7 17. P@e4 
Nh4 18. Nxh4 Bxh4 19. Nxc7+ Qxc7 20. N@b5 Bd8 21. Nxc7+ Bxc7 22. Bg4 P@e6 
23. P@d5 Ne5 24. dxe6 fxe6 25. P@d5 P@f7 26. P@f5 Nxg4 27. Qxg4 N@f6 28. fxe6 
Nxg4 29. exf7+ Kf8 30. fxg8=Q+ Kxg8 31. P@f7+ Kxf7 32. P@e6+ Kg8 33. Q@f7+ Kh8 
34. R@f8+ B@g8 35. Qxg8# 
{LINDEGREN checkmated} 1-0

[Event "fics rated crazyhouse match"]
[Site "fics, Oklahoma City, OK USA"]
[Date "2001.03.06"]
[White "LINDEGREN"]
[WhiteElo "2423"]
[Black "pminear"]
[BlackElo "2590"]
[TimeControl "60+0"]
[Result "1-0"]

1. e4 e5 2. Nc3 Nc6 3. Nf3 Be7 4. Bc4 Nf6 5. O-O O-O 6. d3 
d6 7. Bg5 Bg4 8. Bxf6 Bxf6 9. Nd5 B@h5 10. N@e1 Bg5 11. c3 Ne7 
12. Nxe7+ Bxe7 13. N@f5 Bxf5 14. exf5 N@h4 15. B@e2 Nxf5 16. Nxe5 Bxe2 17. Nxf7 
Rxf7 18. Bxf7+ Kxf7 19. Qxe2 P@e6 20. P@d5 B@d7 21. B@g4 N@f4 22. Qd2 Bg5 
23. dxe6+ Bxe6 24. Bxf5 Bxf5 25. N@e3 P@e2 26. Nf3 exf1=Q+ 27. Rxf1 N@h3+ 28. Kh1 
B@g4 29. Nxf5 Bxf3 30. R@g3 Bxg2+ 31. Rxg2 Nxg2 32. B@b3+ d5 33. Bxd5+ Qxd5 
34. B@c4 B@e6 35. Bxd5 Bxd5 36. P@e4 Bxd2 37. exd5 R@g1+ 38. Rxg1 Nxf2+ 39. Kxg2 
B@h3+ 40. Kf3 P@g4+ 41. Rxg4 N@e5+ 42. Ke2 Q@f3+ 43. Kxd2 
{pminear forfeits on time} 1-0